Cogmind - Beta 13 @@@ ROGUE MODE // 2024.05.16 @ 17:45:11 Player: opdo Result: Self-destructed Performance ------------- Evolutions (0) 0 Regions Visited (4) 800 Robots Destroyed (17) 85 Value Destroyed (354) 354 Prototype IDs (23) 460 Alien Tech Used (0) 0 Bonus (300) 300 TOTAL SCORE: 1999 Bonus ------- Aligned with FarCom 300 Cogmind --------- Core Integrity 185/250 Matter 71/300 Energy 160/160 System Corruption 0% Temperature Cool (0) Movement Rolling (110) Ox2 Location -9/Mines Parts ------- > --- POWER (1) -------- Light Nuclear Core > --- PROPULSION (2) --- Wheel Xenon Bombardment Thruster > --- UTILITY (2) ------ Small Storage Unit Seismic Detector > --- WEAPON (2) ------- AWS/Gauss > --- INVENTORY (8) ---- Light Ion Engine Armored Huge Wheel Hover Unit Hover Unit Hover Unit Core Analyzer Hacking Suite Peak State ------------ > --- POWER ------------ Light Nuclear Core > --- PROPULSION ------- Aluminum Leg Xenon Bombardment Thruster > --- UTILITY ---------- Small Storage Unit Seismic Detector > --- WEAPON ----------- AWS/Gauss > --- INVENTORY -------- Light Ion Engine Wheel Wheel Hover Unit Hover Unit Hover Unit Hacking Suite Grenade Launcher [Rating: 27] Favorites ----------- Power Light Nuclear Core Engine Light Ion Engine Power Core Light Nuclear Core Propulsion Aluminum Leg Leg Aluminum Leg Wheel Wheel Hover Unit Hover Unit Flight Unit Xenon Bombardment Thruster Utility Small Storage Unit Device Seismic Detector Storage Small Storage Unit Weapon Assault Rifle Ballistic Gun Assault Rifle Build | -11 -10 -10 -10 -9 ------- Run | Yrd Mat Min Exi Min Slots Evolved . | . . . . . Power . | . . . . . Propulsion . | . . . . . Utility . | . . . . . Weapon . | . . . . . Parts Attached 19 | 8 6 . 1 4 Power 2 | 1 1 . . . Engine 1 | 1 . . . . Core 1 | . 1 . . . Reactor . | . . . . . Propulsion 10 | 2 4 . . 4 Treads . | . . . . . Leg 6 | 2 4 . . . Wheel 2 | . . . . 2 Hover 1 | . . . . 1 Flight 1 | . . . . 1 Utility 2 | 2 . . . . Device 1 | 1 . . . . Storage 1 | 1 . . . . Processor . | . . . . . Hackware . | . . . . . Protection . | . . . . . Artifact . | . . . . . Weapon 5 | 3 1 . 1 . Energy Gun . | . . . . . Energy Cannon . | . . . . . Ballistic Gun 5 | 3 1 . 1 . Ballistic Cannon . | . . . . . Launcher . | . . . . . Special Weapon . | . . . . . Impact Weapon . | . . . . . Slashing Weapon . | . . . . . Piercing Weapon . | . . . . . Special Melee Weapon . | . . . . . Unidentified Prototypes . | . . . . . Parts Lost . | . . . . . Power . | . . . . . Propulsion . | . . . . . Utility . | . . . . . Weapon . | . . . . . Highest Loss Streak . | . . . . . To Critical Strikes . | . . . . . Average Slot Usage (%) 93 | . 100 100 91 85 Engine 5 | . 12 . . . Core 8 | . 1 14 14 14 Leg 25 | . 28 28 28 19 Wheel 1 | . . . . 4 Flight 1 | . . . . 4 Device 14 | . 14 14 14 14 Storage 14 | . 14 14 14 14 Ballistic Gun 21 | . 28 28 19 14 Naked Turns . | . . . . . Heaviest Build 21 | 13 14 14 21 21 Greatest Support 20 | 20 20 20 20 20 Greatest Overweight (x) 6 | 1 . . 1 6 Average Overweight (x) . | . . . . 1 Largest Inventory Capacity 8 | 8 8 8 8 8 Average Capacity 7 | 7 8 8 8 8 Most Carried 8 | 4 8 8 8 8 Average Carried 7 | 3 7 8 8 7 Final Capacity 8 | 8 8 8 8 8 Final Carried 8 | 4 8 8 8 8 Class Distribution -------------------- 50% | Scavenger-Mutant 49% | Mutant Dominant Class ---------------- Mutant | -10/Materials Scavenger-Mutant | -10/Mines Scavenger-Mutant | -10/Exiles Scavenger-Mutant | -9/Mines Resources | -11 -10 -10 -10 -9 ----------- Run | Yrd Mat Min Exi Min Matter Collected 448 | 270 178 . . . Remotely . | . . . . . Salvage Created 512 | 113 399 . . . Parts 31 | 9 22 . . . Haulers Intercepted . | . . . . . Recyclers Shooed . | . . . . . Parts Field Recycled . | . . . . . Retrieved Matter . | . . . . . Parts Self-Destructed . | . . . . . Prevented . | . . . . . Kills | -11 -10 -10 -10 -9 ------- Run | Yrd Mat Min Exi Min Combat Hostiles Destroyed 10 | . 10 . . . Guns 10 | . 10 . . . Classes Destroyed 7 | 2 5 . . . Worker 1 | . 1 . . . Tunneler 3 | 3 . . . . Recycler 1 | 1 . . . . Operator 1 | . 1 . . . Watcher 1 | . 1 . . . Swarmer 3 | . 3 . . . Grunt 7 | . 7 . . . Best Kill Streak 5 | 4 5 . . . Combat Bots Only 5 | . 5 . . . Max Kills in Single Turn 2 | 1 2 . . . Gunslinging . | . . . . . Exploded . | . . . . . Melee . | . . . . . Uniques/NPCs Destroyed . | . . . . . Combat | -11 -10 -10 -10 -9 -------- Run | Yrd Mat Min Exi Min Hostile Shots Fired 56 | . 56 . . . Missed 17 | . 17 . . . Damage Taken 506 | . 503 . . 3 Core 65 | . 65 . . . Absorbed by Shields . | . . . . . Core Remaining (%) 100 | 100 . . . . Volleys Fired 59 | 8 51 . . . Largest 2 | 2 2 . . . Hottest 40 | 40 40 . . . Shots Fired 118 | 16 102 . . . Gun 118 | 16 102 . . . Cannon . | . . . . . Launcher . | . . . . . Special . | . . . . . Kinetic 118 | 16 102 . . . Thermal . | . . . . . Explosive . | . . . . . Electromagnetic . | . . . . . Robot Hit Streak 9 | 3 9 . . . Robot Miss Streak 7 | 1 7 . . . Penetration Max . | . . . . . Secondary Targets . | . . . . . Shots Hit Robots 59 | 11 48 . . . Core Hits 31 | 5 24 1 . 1 Critical Kills . | . . . . . Critical Parts Destroyed . | . . . . . Critical Strikes . | . . . . . Melee Attacks . | . . . . . Impact . | . . . . . Slashing . | . . . . . Piercing . | . . . . . Sneak Attacks . | . . . . . Combat Hostiles . | . . . . . Follow-up Attacks . | . . . . . Damage Inflicted 744 | 150 578 9 . 7 Guns 728 | 150 578 . . . Cannons . | . . . . . Explosions . | . . . . . Melee . | . . . . . Ramming 16 | . . 9 . 7 Kinetic 728 | 150 578 . . . Thermal . | . . . . . Explosive . | . . . . . Electromagnetic . | . . . . . Impact . | . . . . . Slashing . | . . . . . Piercing . | . . . . . Highest Corruption . | . . . . . Average Corruption . | . . . . . Corruption Purged . | . . . . . Corruption Blocked . | . . . . . Overload Shots . | . . . . . Overflow Damage . | . . . . . Projectiles . | . . . . . Explosions . | . . . . . Melee . | . . . . . Knockbacks . | . . . . . Impact . | . . . . . Kinetic . | . . . . . Secondary . | . . . . . Self-Inflicted Damage 3 | . . . . 3 Shots . | . . . . . Rammed 1 | . . . . 1 Targets Rammed 3 | . . 1 . 2 Kicked 2 | . . 1 . 1 Crushed . | . . . . . Highest Temperature 20 | . 20 . . . Average Temperature 7 | . 7 . . . Received Heat Transfer 282 | . 282 . . . Siege Activations . | . . . . . Robots Corrupted . | . . . . . Combat Hostiles . | . . . . . Parts Fried . | . . . . . Impact Corruptions . | . . . . . Robots Melted . | . . . . . Combat Hostiles . | . . . . . Parts Melted . | . . . . . Heat Transferred . | . . . . . Parts Sabotaged . | . . . . . Parts Stolen . | . . . . . Parts Stripped . | . . . . . Power Chain Reactions . | . . . . . Alert | -11 -10 -10 -10 -9 ------- Run | Yrd Mat Min Exi Min Peak Influence 223 | 20 223 64 . . Initial 64 | . 13 64 . . Average 65 | 5 120 64 . . Maximum Alert Level 1 | . 1 . . . Low Security (%) 96 | 100 93 100 . 100 Level 1 3 | . 6 . . . Level 2 . | . . . . . Level 3 . | . . . . . Level 4 . | . . . . . Level 5 . | . . . . . High Security . | . . . . . Max Security . | . . . . . Squads Dispatched 2 | . 1 . . 1 Investigation 1 | . . . . 1 Extermination . | . . . . . Reinforcement 1 | . 1 . . . Assault . | . . . . . Garrison . | . . . . . Intercept . | . . . . . Searches Triggered . | . . . . . Construction Impeded . | . . . . . Haulers Reinforced . | . . . . . Active Scanning Responses . | . . . . . Cargo Convoy Interrupts . | . . . . . Stealth | -11 -10 -10 -10 -9 --------- Run | Yrd Mat Min Exi Min Distress Signals 2 | . 2 . . . Communications Jammed . | . . . . . Distress Signals . | . . . . . Times Spotted 18 | . 18 . . . Peak Tracking Total 5 | . 5 . . . Tactical Retreats 1 | . 1 . . . Traps | -11 -10 -10 -10 -9 ------- Run | Yrd Mat Min Exi Min Traps Triggered 1 | . 1 . . . Indirectly . | . . . . . Trap Hack Attempts . | . . . . . Triggered . | . . . . . Disarmed . | . . . . . Reprogrammed . | . . . . . Reused . | . . . . . Traps Extracted . | . . . . . Installed . | . . . . . Triggered . | . . . . . Machines | -11 -10 -10 -10 -9 ---------- Run | Yrd Mat Min Exi Min Machines Disabled . | . . . . . Max in Single Turn . | . . . . . Machines Repaired . | . . . . . Machines Dismantled . | . . . . . Machines Sabotaged . | . . . . . Overloaded Fab Kills . | . . . . . Hacking | -11 -10 -10 -10 -9 --------- Run | Yrd Mat Min Exi Min Machines Accessed 6 | . 3 . 2 1 Terminals 3 | . 3 . . . Fabricators . | . . . . . Repair Stations . | . . . . . Recycling Units . | . . . . . Scanalyzers . | . . . . . Garrison Access . | . . . . . Total Hacks 13 | . 10 . 2 1 Successful 5 | . 2 . 2 1 Failed 8 | . 8 . . . Catastrophic . | . . . . . Database Lockouts . | . . . . . Manual 11 | . 10 . 1 . Terminals 10 | . 10 . . . Fabricators . | . . . . . Repair Stations . | . . . . . Recycling Units . | . . . . . Scanalyzers . | . . . . . Garrison Access . | . . . . . Terminal Hacks 3 | . . . 2 1 Record 1 | . . . 1 . Open Door 1 | . . . . 1 Derelict Proto ID Bank 1 | . . . 1 . Fabricator Hacks . | . . . . . Repair Station Hacks . | . . . . . Recycling Unit Hacks . | . . . . . Scanalyzer . | . . . . . Garrison Access Hacks . | . . . . . Unauthorized Hacks 2 | . 2 . . . Terminals 2 | . 2 . . . Botnet 1 | . 1 . . . Operators 1 | . 1 . . . Fabricators . | . . . . . Repair Stations . | . . . . . Recycling Units . | . . . . . Scanalyzers . | . . . . . Garrison Access . | . . . . . Data Cores Recovered . | . . . . . Used . | . . . . . Hacking Detections 3 | . 3 . . . Full Trace Events 1 | . 1 . . . Feedback Events . | . . . . . Feedback Blocked . | . . . . . Robot Schematics Acquired . | . . . . . Robots Built . | . . . . . Authchips . | . . . . . Time . | . . . . . Total Robot Build Rating . | . . . . . Part Schematics Acquired . | . . . . . Parts Built . | . . . . . Authchips . | . . . . . Time . | . . . . . Total Part Build Rating . | . . . . . Parts Repaired . | . . . . . Time . | . . . . . Parts Recycled . | . . . . . Recycled Matter . | . . . . . Retrieved Matter . | . . . . . Retrieved Components . | . . . . . Parts Scanalyzed . | . . . . . Part Schematics Acquired . | . . . . . Parts Damaged . | . . . . . Bothacking | -11 -10 -10 -10 -9 ------------ Run | Yrd Mat Min Exi Min Used RIF Installer . | . . . . . Robots Hacked . | . . . . . Non-combat . | . . . . . Combat . | . . . . . Robot Hacks Applied . | . . . . . Relay Couplers Released . | . . . . . Fabnet Peak Effective % . | . . . . . Robots Rewired . | . . . . . Allies Hacked . | . . . . . Hacks Repelled . | . . . . . Allies | -11 -10 -10 -10 -9 -------- Run | Yrd Mat Min Exi Min Total Allies 4 | . . 1 . 3 Largest Group 3 | . . 1 . 3 Highest-Rated Group 40 | . . 31 . 40 Highest-Rated Ally 31 | . . 31 . 16 Total Orders . | . . . . . Ally Attacks 3 | . . 3 . . Total Damage 42 | . . 42 . . Kills . | . . . . . Allies Corrupted . | . . . . . Allies Melted . | . . . . . Intel | -11 -10 -10 -10 -9 ------- Run | Yrd Mat Min Exi Min Robot Analysis Total . | . . . . . Derelict Logs Recovered 1 | . . . . 1 Drone Launches . | . . . . . Drone Recoveries . | . . . . . Exploration | -11 -10 -10 -10 -9 ------------- Run | Yrd Mat Min Exi Min Turns Passed 1354 | 93 521 53 337 350 Spaces Moved 813 | 47 287 44 223 212 Core 10 | 9 . . . 1 Treads . | . . . . . Legs 715 | 38 287 44 223 123 Wheels 88 | . . . . 88 Hover . | . . . . . Flight . | . . . . . Fastest Speed 50 | 50 120 120 120 110 Average Speed 138 | 117 120 120 150 157 Slowest Speed 350 | 190 120 120 190 350 Overloaded Moves . | . . . . . Propulsion Burnouts . | . . . . . Robots Hopped . | . . . . . Cave-ins Triggered . | . . . . . Exploration Rate (%) 35 | 5 54 10 59 48 Regions Visited 4 Branch Regions 3 Pre-discovered Areas 1 | . . . 1 . Known Exits Taken . | . . . . . Unknown Exits Taken 4 | 1 1 1 1 . Scrap Searched . | . . . . . Spaces Dug . | . . . . . Terrain Destroyed . | . . . . . Melee . | . . . . . Projectile . | . . . . . AOE . | . . . . . Terrain Rammed . | . . . . . Walls Destroyed . | . . . . . Machines Disabled . | . . . . . Actions | -11 -10 -10 -10 -9 --------- Run | Yrd Mat Min Exi Min Total 930 | 65 369 44 225 227 Wait 17 | . 15 . . 2 Move 809 | 46 286 43 222 212 Hop . | . . . . . Pick Up 10 | 3 5 . . 2 Fast Attach 10 | 7 . . 1 2 Attach . | . . . . . Detach . | . . . . . Swap 9 | 1 6 . . 2 Drop 13 | . 6 . 2 5 Fire 59 | 8 51 . . . Melee . | . . . . . Ram 1 | . . . . 1 Kick 2 | . . 1 . 1 Crush . | . . . . . Escape Stasis . | . . . . . Rewire . | . . . . . Trap . | . . . . . Miscellaneous . | . . . . . Route ------- -11/Scrapyard -10/Materials (discovered 2 exits: [*Mat] / [*Min]) -10/Mines -10/Exiles -9/Mines History --------- Turn | Location | Event 9 | -11/Scrapyard | Discovered new exit (range 15) 94 | -11/Scrapyard | Entered Materials 320 | -10/Materials | Discovered new exit (range 3) 321 | -10/Materials | Build established: Mutant 609 | -10/Materials | Discovered new exit (range 6) 615 | -10/Materials | Entered Mines 618 | -10/Mines | Received a Mining Laser from a helpful Derelict 621 | -10/Mines | Assembled infested the area 639 | -10/Mines | Met a Derelict bent on vengeance 663 | -10/Mines | Deemed a non-threat by the Exiles lab entrance 663 | -10/Mines | Discovered new exit (range 5) 668 | -10/Mines | Entered Exiles 697 | -10/Exiles | Met 8R-AWN 718 | -10/Exiles | Met EX-HEX 757 | -10/Exiles | Met EX-BIN 772 | -10/Exiles | Aligned with FarCom system 773 | -10/Exiles | Given EX-Vault access code 800 | -10/Exiles | Opened EX-Vault 820 | -10/Exiles | Found AWS/Gauss 857 | -10/Exiles | Warned to stay clear of 0b10 Research branches 879 | -10/Exiles | Build established: Scavenger-Mutant 912 | -10/Exiles | Met EX-DEC 922 | -10/Exiles | Learned location of Zion (-7) 977 | -10/Exiles | Discovered new exit (range 14) 1005 | -10/Exiles | Left Exiles lab with AWS/Gauss 1005 | -10/Exiles | Entered Mines 1142 | -9/Mines | Assisted by bots powering up and referring to "LRC-V3" 1199 | -9/Mines | Learned 2 Materials zone layouts 1238 | -9/Mines | Met a Derelict shopkeep closing up shop 1355 | -9/Mines | Self-destructed Last Messages --------------- 01244_ Acquired Xenon Bombardment Thruster. 01255_ Dropped Wheel. 01259_ Acquired Wheel. 01261_ Dropped Wheel. 01262_ Dropped Aluminum Leg. 01262_ Acquired Arm. Huge Wheel. 01262_ R-06 Scavenger collects Wheel. 01265_ R-06 Scavenger collects Aluminum Leg. 01265_ Dropped Grenade Launcher. 01266_ Acquired Core Analyzer. 01268_ R-06 Scavenger collects Aluminum Leg. 01273_ R-06 Scavenger collects Grenade Launcher. 01303_ K-01 Serf collects debris. 01334_ U-05 Engineer lays Concrete. 01336_ U-05 Engineer builds a Wall. 01336_ T-07 Excavator is excavating. 01341_ U-05 Engineer builds a Wall. 01352_ Slammed into T-07 Excavator. 01352_ AWS/Gauss broken. 01352_ Destabilizing: Short circuit. Map ----- +----------------------------------------------------+ | ???????##### ##???????????## #??????????? | | ???????????##?????????????# ##### ##??????????? | | ??????????????????????????# #???####???????????? | | ??????????????????????????# #??????????????????? | | ??????????????????????????# ##?????????????????? | | ??????????????????????????## #####?????????????? | | ???????????????????????????## ##????????????? | | ????????????????????????##### #??########??? | | ????????????????????????# #??#""""""#??? | | ????????????????????????# ##??#!! ! ]#??# | | ???????????????????###??# ####???## ##??# | | ??????????????????## ###### ##???????#] #??## | | ??????????????????# #???## ##???????### ##### | | ?????????????????## #????# #??????### X | | ????????????????## #????# #?????## | | ????????????????# """ ##???# #?????# ### | | ????????????????# """ #???# #?????# | | ????????????????# """ ##### #?????# | | ?????????????????# #????## | | ?????????????????## ############# ## | | ??????????????????## #### #### | | ???????????????????# ### ###??# | | ???????????######### ## t######## ##????# | | ???????# ## ##????# #?????# | | ?????????????####### #???# ##?????## | | ???????????????????# @ #??# ##???????# | | ???????????????????####### ##?# ##????????? | | ?????????????????????????#t##? ##?????????? | | ?????????????????????????# ## ### #??????????? | | ?????????????????????????# #?### #??????????? | | ???????????????????####?## ####???## ##??????????? | | ???????????????????# ### ##??????###???????????? | | ???????????????????# #????????????????????? | | ???????????????????# #????????????????????? | | ???????????????????## #????????????????????? | | ????????????????????## ##????????????????????? | | ?????????????????????## ###?????????????????????? | | ??????????????????????####???????????????????????? | | ?????????????????????????????????????????????????? | | | | | | | | | | | | | | | | | | | | | | | +----------------------------------------------------+ Best States ------------- Heat Dissipation 25 Energy Generation 14 Energy Capacity 160 Matter Stores 242 Matter Capacity 300 Sight Range 16 Terrain Scan Density 10 Evasion (%) 55 Item Schematics ----------------- None Robot Schematics ------------------ None Fabricated ------------ Nothing Alien Tech Used ----------------- None Achievements -------------- None Challenges ------------ None Game ------ Seed SalvageWeaponEngine Manual? 0 Play Time 00:07:16 Cumulative 49.2 hours Start 2024.05.16 @ 15:13:06 End 2024.05.16 @ 17:45:11 Sessions 3 Manual Loads 0 Difficulty Rogue Special Mode None Game No. 137 Rogue 135 Adventurer 2 Explorer 0 Win Type - Total 0 Types 0/0/0/0/0/0/0/0/0 Lore% 35 Gallery% 49 Achievement% 36 Wizard Run 0 Options --------- Layout 2 ASCII 0 Keyboard 0 Movement Arrows Keybinds 0 Fullscreen 2 Font 24/Smallcaps Map View 50x44 Zoom Use 0% Tactical HUD 1 Map Filters NONE Filters NONE Steam 1 RUN: 24b463fd-7573-4911-8c2d-f9ce5d9062a0